 Dungeon Crawl Stone Soup version 0.26.1-11-gd32895ea62 (webtiles) character file.

Game seed: 12356733454823883592

545 Tirrikindir the Slasher (level 7, 0/48 HPs)
             Began as an Octopode Fighter on June 16, 2021.
             Was an Initiate of Gozag.
             Succumbed to a worker ant's poison
             ... on level 4 of the Dungeon.
             The game lasted 00:08:02 (4130 turns).

Tirrikindir the Slasher (Octopode Fighter)          Turns: 4130, Time: 00:08:03

Health: 0/48       AC:  1    Str: 16    XL:     7   Next: 27%
Magic:  7/7        EV: 12    Int: 17    God:    Gozag
Gold:   96         SH:  9    Dex: 12    Spells: 6/6 levels left

rFire    . . .     SeeInvis .   a - +0 long sword
rCold    . . .     Faith    .   b - +0 kite shield
rNeg     . . .     Spirit   .   (helmet restricted)
rPois    .         Reflect  .   n - amulet of magic regeneration
rElec    .         Harm     .   c - +6 ring of intelligence
rCorr    .         Rampage  .   (no ring)
Will     .....                  (no ring)
Stlth    +++.......             (no ring)
HPRegen  0.16/turn              (no ring)
MPRegen  0.35/turn              (no ring)
                                (no ring)
                                (no ring)

@: brilliant, lethally poisoned (0 -> -7), gold aura
A: almost no armour, stealthy swim, amphibious, 8 rings, constrict 8, camouflage
1, gelatinous body 1
a: Renounce Religion, Potion Petition, Call Merchant, Bribe Branch


You were on level 4 of the Dungeon.
You worshipped Gozag.
Gozag was noncommittal.
You visited 2 branches of the dungeon, and saw 6 of its levels.

You collected 179 gold pieces.
You paid 83 gold pieces to Gozag.

Inventory:

Hand Weapons
 a - a +0 long sword (weapon)
 h - a +2 dagger of venom
Missiles
 e - 21 poisoned darts (quivered)
Armour
 b - a +0 kite shield (worn)
Jewellery
 c - a +6 ring of intelligence (left tentacle)
 n - an amulet of magic regeneration (around mantle)
Wands
 g - a wand of paralysis (7)
 m - a wand of random effects (28)
Scrolls
 f - 3 scrolls of teleportation
 i - 3 scrolls of blinking
 j - 2 scrolls of magic mapping
 o - a scroll of amnesia {unknown}
 p - a scroll of identify
Potions
 d - 2 potions of cancellation
 k - a potion of brilliance


   Skills:
 - Level 4.0 Fighting
 * Level 5.4 Long Blades
 - Level 4.0 Dodging
 - Level 4.0 Stealth
 - Level 4.0 Shields


You had 6 spell levels left.
You didn't know any spells.
Your spell library was empty.

Dungeon Overview and Level Annotations

Branches:
Dungeon (5/15)             Temple (1/1) D:4

Altars:
Ashenzari
Cheibriados
Elyvilon
Gozag
Hepliaklqana
Kikubaaqudgha
Nemelex Xobeh
Okawaru
Ru
Sif Muna
Trog
Uskayaw
Vehumet
Wu Jian
Xom
Yredelemnul
Zin
The Shining One

Shops:
D:4 }


Innate Abilities, Weirdness & Mutations

You cannot wear most types of armour.
You are very stealthy in the water. (Stealth+)
You are amphibious.
You can wear up to eight rings at the same time.
You can use your tentacles to constrict eight enemies at once.
Your skin changes colour to match your surroundings (Stealth+).
Your rubbery body absorbs attacks. (AC +1, EV +1)


Message History

You completely miss the worker ant. You grab the worker ant.
The worker ant is heavily wounded.
You constrict the worker ant. You block the worker ant's attack.
You hit the worker ant but do no damage.
You squeeze the worker ant.
The worker ant is severely wounded.
You constrict the worker ant. You block the worker ant's attack.
The worker ant bites you!
* * * LOW HITPOINT WARNING * * *
You are lethally poisoned!
The worker ant poisons you!
It was a potion of brilliance.
You feel clever all of a sudden.
You constrict the worker ant.
You kill the worker ant!
* * * LOW HITPOINT WARNING * * *
You feel sick.
Unknown command.
You die...
Your body crumbles into a pile of gold.

#.≈≈≈§§≈§# #...#
#.§§≈>≈§≈##### #...#
#.≈≈≈§≈≈≈##$. ....#
##.≈§§≈≈.##.#######...#
#..§≈≈..##.##......[..
####.#......#.#.#....#
#......#....... ..#
###....$.#.#$#.$..#
#####..$@.$......
######$##.### ... .##.#
.# # ##


There were no monsters in sight!

Vanquished Creatures
  Grinder (D:3)
  A hound (D:5)
  An orc wizard (D:4)
  Ijyb (D:3)
  Natasha (thrice) (D:2)
  2 worker ants (D:4)
  6 gnolls
  2 adders
  2 oozes
  A worm (D:2)
  2 leopard geckos (D:1)
  4 orcs (D:4)
  7 bats
  A giant cockroach (D:2)
  5 goblins
  6 hobgoblins
  4 jackals (D:2)
  2 quokkas (D:2)
  7 frilled lizards
  7 kobolds
  A quokka skeleton (D:4)
  9 rats
75 creatures vanquished.

Notes
Turn   | Place    | Note
-------+----------+-------------------------------------------
     0 | D:1      | Tirrikindir the Octopode Fighter began the quest for the
                  | Orb.
     0 | D:1      | Reached XP level 1. HP: 16/16 MP: 1/1
   215 | D:1      | Reached XP level 2. HP: 15/21 MP: 2/2
   410 | D:1      | Reached skill level 1 in Stealth
   437 | D:1      | Reached XP level 3. HP: 16/26 MP: 3/3
  1478 | D:2      | Reached skill level 3 in Long Blades
  1478 | D:2      | Reached XP level 4. HP: 31/31 MP: 4/4
  1690 | D:2      | Noticed Natasha
  1696 | D:2      | Killed Natasha
  1846 | D:2      | Noticed Natasha
  1853 | D:2      | Killed Natasha
  1854 | D:2      | Reached XP level 5. HP: 31/36 MP: 5/5
  1900 | D:2      | Noticed Natasha
  1919 | D:2      | Killed Natasha
  2025 | D:2      | Found a sacrificial altar of Ru.
  2377 | D:3      | Noticed Ijyb
  2389 | D:3      | Paralysed by Ijyb for 6 turns
  2396 | D:3      | Killed Ijyb
  2740 | D:3      | Noticed Grinder
  2741 | D:3      | Paralysed by Grinder for 7 turns
  2751 | D:3      | Killed Grinder
  2752 | D:3      | Reached skill level 4 in Long Blades
  2752 | D:3      | Reached XP level 6. HP: 9/43 MP: 6/6
  3441 | D:3      | You fall into a shaft and drop 2 floors!
  3441 | D:5      | Entered Level 5 of the Dungeon
  3462 | D:5      | Reached XP level 7. HP: 42/48 MP: 7/7
  3640 | D:4      | Found Enladu's Gadget Emporium.
  3946 | D:4      | Found a staircase to the Ecumenical Temple.
  3959 | Temple   | Entered the Ecumenical Temple
  3994 | Temple   | Became a worshipper of Gozag Ym Sagoz the Greedy
  4086 | D:4      | Reached skill level 5 in Long Blades
  4128 | D:4      | HP: 2/48 [worker ant (7)]
  4130 | D:4      | Succumbed to a worker ant's poison

Illustrated notes

Levels and vault maps discovered:
D:1:      wander_arrival_desolate, layout_basic, dk_noncrumbling_2
D:2:      layout_rooms, hangedman_ru_absence, uniq_natasha
D:3:      layout_loops_cross, uniq_grinder, uniq_ijyb
D:4:      layout_loops_ring, minmay_temple_entry_mist, serial_shops, shop
D:5:      layout_basic, kennysheep_mini_moat, uniq_duvessa
Temple:   regret_index_temple_mists

Skill      XL: |  1  2  3  4  5  6  7 |
---------------+----------------------+-----
Stealth        | 1 2 3 4 |  4.0
Long Blades    | 3 4 5 |  5.4
Dodging        | 4 |  4.0
Shields        | 4 |  4.0
Fighting       | 4 |  4.0

Action                   |  1- 3 |  4- 6 |  7- 9 || total
-------------------------+-------+-------+-------++-------
Melee: Long sword        |    47 |    66 |    45 ||   158
       Constrict         |    17 |    23 |     6 ||    46
       Tentacles         |    14 |    10 |     4 ||    28
Throw: Dart              |     4 |     5 |     1 ||    10
  Use: Scroll            |     4 |     2 |       ||     6
       Potion            |       |     5 |     2 ||     7
 Stab: Sleeping          |     5 |     5 |     1 ||    11
       Distracted        |       |       |     1 ||     1
Armor: Skin              |     6 |     4 |    18 ||    28
Dodge: Dodged            |    20 |    31 |     8 ||    59
Block: Kite shield       |    25 |    30 |    25 ||    80
       Rpst.: Long sword |     7 |    10 |     1 ||    18
